 Dungeon Crawl Stone Soup version 0.23.2-33-g5129a83184 (webtiles) character file.

Game seed: 17743851222157044480

1395 myga the Ducker (level 8, -5/39 HPs)
             Began as a Spriggan Warper on July 23, 2019.
             Was a Believer of Zin.
             Slain by an orc warrior
             ... wielding a +0 battleaxe
              (18 damage)
             ... on level 6 of the Dungeon on July 26, 2019.
             The game lasted 00:38:41 (7580 turns).

myga the Ducker (Spriggan Warper)                   Turns: 7580, Time: 00:38:42

Health: -5/39      AC:  9    Str:  7    XL:     8   Next: 41%
Magic:  0/15       EV: 23    Int: 16    God:    Zin [**....]
Gold:   127        SH:  0    Dex: 16    Spells: 5/15 levels left

rFire    . . .     SeeInvis +   q - +2 dagger (protect)
rCold    . . .     Gourm    .   (shield restricted)
rNeg     . . .     Faith    .   b - +0 robe
rPois    .         Spirit   +   (helmet restricted)
rElec    .         Reflect  .   (no cloak)
rCorr    .         Harm     .   (gloves unavailable)
MR       ++...                  (boots unavailable)
Stlth    +++.......             r - amulet of guardian spirit
HPRegen  0.13/turn              p - ring of protection from magic
MPRegen  0.14/turn              (no ring)

@: protection aura, very quick
A: very small, unfitting armour, see invisible, herbivore, speed 3, slow
metabolism 2
a: Recite, Vitalisation, Donate Gold, Renounce Religion


You were on level 6 of the Dungeon.
You worshipped Zin.
Zin was pleased with you.
You were not hungry.

You visited 1 branch of the dungeon, and saw 6 of its levels.

You collected 166 gold pieces.
You donated 39 gold pieces to Zin.

Inventory:

Hand Weapons
 q - a +2 dagger of protection (weapon)
 s - a +0 shortbow
 w - a +3 short sword
Missiles
 c - 131 arrows
 g - 238 stones (quivered)
 n - 42 sling bullets
 u - 6 tomahawks
 x - 2 throwing nets
Armour
 b - a +0 robe (worn)
Jewellery
 p - a ring of protection from magic (left hand)
 r - an amulet of guardian spirit (around neck)
Wands
 i - a wand of digging (7)
 t - a wand of flame (10)
Scrolls
 a - 3 scrolls of remove curse
 d - 4 scrolls of blinking
 h - a scroll of enchant weapon {unknown}
 j - a scroll of amnesia
 k - a scroll of random uselessness {unknown}
 l - a scroll of fear
 m - a scroll of enchant armour
 v - a scroll of teleportation {unknown}
Potions
 e - 3 potions of curing
 o - a potion of ambrosia
Comestibles
 f - 5 rations


   Skills:
 + Level 2.7 Fighting
 + Level 6.1 Short Blades
 + Level 3.0 Throwing
 + Level 7.2 Dodging
 + Level 5.5 Stealth
 + Level 4.3 Spellcasting
 + Level 2.6 Charms
 + Level 6.0 Translocations
 + Level 2.0 Invocations
 + Level 1.8 Evocations


You had 5 spell levels left.
You knew the following spells:

 Your Spells              Type           Power        Failure   Level  Hunger
a - Blink                 Tloc           N/A          1%          2    ##.....
b - Shroud of Golubria    Chrm/Tloc      ###.......   4%          2    ##.....
c - Teleport Other        Tloc           ###.....     4%          3    ###....
d - Lesser Beckoning      Tloc           ###.......   4%          3    ###....

Your spell library contained the following spells:

 Spells                   Type           Power        Failure   Level  Hunger
 Gell's Gravitas          Tloc           ###.......   4%          3    ###....
 Passage of Golubria      Tloc           N/A          14%         4    ####...


Dungeon Overview and Level Annotations

Branches:
Dungeon (6/15)
 Temple: D:4-7

Altars:
Fedhas
Nemelex Xobeh
Yredelemnul
Zin
The Shining One


Innate Abilities, Weirdness & Mutations

You are very small and have problems with some larger weapons.
You are too small for most types of armour.
You have supernaturally acute eyesight. (SInv)
You are a herbivore.
You cover ground extremely quickly.
You need to consume almost no food.


Message History

Casting: Shroud of Golubria (safe; 4% risk of failure)
Confirm with . or Enter, or press ? or * to list all spells.
Okay, then.
Unknown command.
Casting: Shroud of Golubria (safe; 4% risk of failure)
Confirm with . or Enter, or press ? or * to list all spells.
Space distorts slightly along a thin shroud covering your body.
The orc warrior completely misses you.
You hit the orc warrior but do no damage.
The orc warrior is lightly wounded.
You hit the orc warrior.
The orc warrior is lightly wounded.
Your shroud bends the orc warrior's attack away!
You hit the orc warrior but do no damage.
The orc warrior is lightly wounded.
You are ready to recite again.
You completely miss the orc warrior.
The orc warrior is lightly wounded.
The orc warrior hits you with a +0 battleaxe!!
You die...

............# ....
#.....5.(....# ..#
#.%...#####..####..# ...
####<.##....# #.
#..........##### ..##..
!...##.)........?.
......########O##.######
#.............o#...#
>.#####)####@#.#..# ..#
#[## #.#.#..# #.#
#..###.#.#..# #.#
###...##.#.#..#
#.###....<##.#.#..#
#.................#
#..............#......
####......##.#########
#.........#


You could see an orc warrior and an ogre.

Vanquished Creatures
  Sigmund (D:3)
  A wraith (D:5)
  An ogre (D:5)
  3 centaurs
  A big kobold (D:5)
  A crimson imp (D:5)
  A bullfrog zombie (D:6)
  2 hounds (D:5)
  5 orc wizards
  A bullfrog skeleton (D:5)
  An iguana (D:5)
  Terence (D:3)
  Ijyb (D:3)
  2 worker ants
  A hound zombie (D:5)
  A hound skeleton (D:4)
  A worker ant zombie (D:5)
  Robin (D:3)
  7 adders
  2 shadow imps (D:5)
  3 worms
  3 dart slugs
  7 leopard geckos
  15 orcs
  8 bats
  4 giant cockroaches
  19 goblins
  14 hobgoblins
  4 jackals (D:1)
  A quokka (D:2)
  3 ball pythons
  7 frilled lizards
  A jackal zombie (D:5)
  10 kobolds
  2 leopard gecko skeletons
  A quokka skeleton (D:5)
  7 rats
144 creatures vanquished.

Vanquished Creatures (others)
  A goblin (D:3)
  A rat (D:3)
2 creatures vanquished.

Grand Total: 146 creatures vanquished

Notes
Turn   | Place    | Note
-------+----------+-------------------------------------------
     0 | D:1      | myga the Spriggan Warper began the quest for the Orb.
     0 | D:1      | Reached XP level 1. HP: 10/10 MP: 5/5
   548 | D:1      | Reached XP level 2. HP: 5/15 MP: 7/7
   552 | D:1      | Learned a level 2 spell: Blink
   555 | D:1      | Learned a level 2 spell: Shroud of Golubria
   905 | D:1      | Reached skill level 4 in Dodging
  1133 | D:1      | Reached XP level 3. HP: 17/18 MP: 8/8
  1328 | D:1      | Learned a level 3 spell: Teleport Other
  1787 | D:2      | Reached skill level 1 in Stealth
  2255 | D:2      | Reached XP level 4. HP: 21/23 MP: 6/9
  2277 | D:2      | Found a blossoming altar of Fedhas.
  2287 | D:2      | Found a glowing silver altar of Zin.
  2686 | D:2      | Became a worshipper of Zin the Law-Giver
  2690 | D:2      | Donated 23 gold pieces to Zin
  2712 | D:3      | Noticed Sigmund
  2734 | D:3      | Killed Sigmund
  2734 | D:3      | Reached skill level 1 in Charms
  2734 | D:3      | Reached XP level 5. HP: 17/26 MP: 6/11
  2741 | D:3      | Learned a level 3 spell: Lesser Beckoning
  3024 | D:3      | Reached XP level 6. HP: 30/30 MP: 12/12
  3106 | D:3      | Reached * piety under Zin
  3111 | D:3      | Noticed Terence
  3168 | D:3      | Killed Terence
  3168 | D:3      | Reached skill level 5 in Dodging
  3183 | D:3      | Noticed Robin
  3242 | D:3      | Noticed Ijyb
  3249 | D:3      | HP: 1/30 [Ijyb/wand of flame (22) (13)]
  3673 | D:3      | Killed Robin
  3758 | D:3      | Found a basalt altar of Yredelemnul.
  3758 | D:3      | Found a glowing golden altar of the Shining One.
  3761 | D:3      | Noticed an angel
  3769 | D:3      | Noticed a profane servitor
  4154 | D:3      | Killed Ijyb
  4682 | D:4      | Found a sparkling altar of Nemelex Xobeh.
  4971 | D:5      | Entered Level 5 of the Dungeon
  5043 | D:5      | HP: 1/30 [iguana (6)]
  5405 | D:5      | Reached XP level 7. HP: 19/35 MP: 8/13
  5435 | D:5      | Reached ** piety under Zin
  5655 | D:5      | Reached skill level 5 in Short Blades
  5655 | D:5      | Reached skill level 6 in Dodging
  5655 | D:5      | Reached skill level 5 in Translocations
  5844 | D:5      | Reached skill level 5 in Stealth
  6448 | D:5      | Reached skill level 1 in Invocations
  6852 | D:6      | Noticed a wraith
  6864 | D:6      | Reached XP level 8. HP: 13/39 MP: 3/15
  6941 | D:5      | Reached skill level 7 in Dodging
  6941 | D:5      | Reached skill level 1 in Evocations
  7580 | D:6      | Slain by an orc warrior

Skill      XL: |  1  2  3  4  5  6  7  8 |
---------------+-------------------------+-----
Spellcasting   | 3 4 |  4.3
Dodging        | 4 5 6 7 |  7.2
Stealth        | 1 3 4 5 |  5.5
Short Blades   | 3 4 5 6 |  6.1
Fighting       | 2 |  2.7
Throwing       | 2 3 |  3.0
Charms         | 1 2 |  2.6
Translocations | 5 6 |  6.0
Invocations    | 1 2 |  2.0
Evocations     | 1 |  1.8

Action                   |  1- 3 |  4- 6 |  7- 9 || total
-------------------------+-------+-------+-------++-------
Melee: Short sword       |    49 |       |       ||    49
       Dagger            |    90 |   477 |   388 ||   955
Throw: Stone             |    44 |    23 |    15 ||    82
       Tomahawk          |     5 |       |     8 ||    13
 Cast: Shroud of Golubri |     5 |    18 |    14 ||    37
       Blink             |       |     6 |     3 ||     9
Invok: Donate Gold       |       |     1 |       ||     1
       Recite            |       |     1 |     9 ||    10
       Vitalisation      |       |       |     1 ||     1
Evoke: Wand              |       |     2 |    10 ||    12
  Use: Scroll            |     4 |     5 |       ||     9
       Potion            |       |     3 |     2 ||     5
 Stab: Sleeping          |     7 |    11 |     2 ||    20
       Confused          |       |       |     1 ||     1
       Invisible         |       |       |     1 ||     1
  Eat: Ration            |       |     2 |     2 ||     4
Armor: Robe              |     1 |    76 |    42 ||   119
Dodge: Dodged            |    85 |   342 |   274 ||   701
